 Dungeon Crawl Stone Soup version 0.28.0-1-gb440e238dd (webtiles) character file.

Game seed: 13607251773043404679

228 croobank the Firebug (level 5, -2/38 HPs)
             Began as a Demigod Fire Elementalist on Feb 21, 2022.
             Killed from afar by an orc wizard (5 damage)
             ... with a puff of flame
             ... on level 3 of the Dungeon.
             The game lasted 00:12:06 (3639 turns).

croobank the Firebug (Demigod Fire Elementalist)    Turns: 3639, Time: 00:12:07

Health: -2/38      AC:  4    Str:  9    XL:     5   Next: 42%
Magic:  1/11       EV: 13    Int: 21    God:
Gold:   173        SH:  0    Dex: 14    Spells: 6/9 levels left

rFire   . . .      SeeInvis .   a - +4 short sword
rCold   . . .      Faith    .   (no shield)
rNeg    . . .      Spirit   .   q - +1 animal skin
rPois   .          Reflect  .   (no helmet)
rElec   .          Harm     .   (no cloak)
rCorr   .          Rampage  .   (no gloves)
Will    .....                   t - +0 pair of boots
Stlth   ++........              (no amulet)
HPRegen 0.12/turn               (no ring)
MPRegen 0.12/turn               (no ring)

@: no status effects
A: high MP 1, forlorn, divine attributes
a: no special abilities


You were on level 3 of the Dungeon.
You visited 1 branch of the dungeon, and saw 3 of its levels.

You collected 173 gold pieces.

Inventory:

Hand Weapons
 a - a +4 short sword (weapon)
 n - a +2 whip of electrocution
 s - a +2 short sword of speed
Missiles
 e - 76 arrows
 g - 2 poisoned darts
 h - 80 stones
 i - 39 sling bullets
 j - 11 bolts
Armour
 c - a +0 robe
 q - a +1 animal skin (worn)
 t - a +0 pair of boots (worn)
Magical Staves
 f - a staff of death
 o - a staff of earth
Jewellery
 l - a ring of protection from cold
Wands
 r - a wand of charming (14)
Scrolls
 d - 2 scrolls of magic mapping {unknown}
 k - a scroll of amnesia {unknown}
 m - a scroll of identify {unknown}
 p - a scroll of blinking {unknown}


   Skills:
 + Level 2.9 Dodging
 + Level 3.0 Stealth
 + Level 2.7 Spellcasting
 + Level 2.3 Conjurations
 + Level 3.5 Fire Magic


You had 6 spell levels left.
You knew the following spells:

 Your Spells              Type           Power      Damage    Failure   Level
a - Foxfire               Conj/Fire      60%        2x1d7     4%          1
b - Scorch                Fire           34%        2d6       4%          2

Your spell library contained the following spells:

 Spells                   Type           Power      Damage    Failure   Level
 Conjure Flame            Conj/Fire      15%        6-21      12%         3
 Inner Flame              Hex/Fire       10%        N/A       21%         3
 Flame Wave               Conj/Fire      15%        2d6       38%         4


Dungeon Overview and Level Annotations

Branches:
Dungeon (3/15)

Shops:
D:1 !   D:2 :

Annotations:
D:2 Terence
D:3 2 transporters


Innate Abilities, Weirdness & Mutations

You have an increased reservoir of magic. (+10% MP)
You shall have no god before yourself.
Your divine heritage dramatically boosts your attributes as you level up.


Message History

Your hobgoblin barely misses the phantom.
Something hits you but does no damage. The phantom hits you.
* * * LOW HITPOINT WARNING * * *
The phantom blinks!
You blink.
You aren't carrying any potions.
Okay, then.
Sorry, you're not good enough to have a special ability.
You barely miss the orc. The orc closely misses you.
You puncture the orc!
You kill the orc!
Your hobgoblin hits something.
Your hobgoblin barely misses something.
Casting: Foxfire (safe; 4% risk of failure)
Confirm with . or Enter, or press ? or * to list all spells.
You conjure some foxfire!
The phantom barely misses you.
You barely miss the phantom.
The phantom is severely damaged.
The foxfire hits the phantom.
The phantom is almost destroyed.
The foxfire hits the phantom.
The phantom is almost destroyed.
The phantom barely misses you.
You hit the phantom.
The phantom is almost destroyed.
Your hobgoblin closely misses something.
The phantom hits you.
* * * LOW HITPOINT WARNING * * *
Your hobgoblin closely misses something.
You hit the phantom.
You destroy the phantom!
Your Stealth skill increases to level 3!
You have reached level 5!
A magic dart appears from out of thin air!
The magic dart hits you.
* * * LOW HITPOINT WARNING * * *
Your hobgoblin closely misses something.
You hear some strange, mumbled words.
A puff of flame appears from out of thin air!
The puff of flame hits you.
You die...

.## #.####.## ..## #.#
#...# ...# #.# #.P.#
...# #.# #...#
...######.# ##.##
.......†..# #g#
......##### ##{## ##
###...#...###...###...##
# #.....P....._.@)..P...
###..##...###.[.###...#.
......##### ##.## ##
.......# #.# .......#
#.# .......# ...
.......# ... ###.#.##
#.. #.#.#


You could see a friendly hobgoblin (summoned).

Vanquished Creatures
  A phantom (D:3)
  Robin (D:3)
  4 gnolls (D:3)
  An adder (D:2)
  3 dart slugs
  8 orcs (D:3)
  8 endoplasms
  13 goblins
  8 hobgoblins
  9 kobolds
  2 quokkas (D:1)
  4 ball pythons
  6 bats
  3 frilled lizards (D:1)
  2 rats
73 creatures vanquished.

Vanquished Creatures (others)
  133 foxfires
  A fungus (D:3)
134 creatures vanquished.

Grand Total: 207 creatures vanquished

Notes
Turn   | Place    | Note
-------+----------+-------------------------------------------
     0 | D:1      | croobank the Demigod Fire Elementalist began the quest for
                  | the Orb.
     0 | D:1      | Reached XP level 1. HP: 14/14 MP: 5/5
    24 | D:1      | Reached skill level 1 in Conjurations
    27 | D:1      | Found Lydaseq's Distillery.
   288 | D:1      | Reached XP level 2. HP: 9/20 MP: 2/7
   474 | D:1      | Learned a level 2 spell: Scorch
  1526 | D:2      | Reached XP level 3. HP: 26/26 MP: 4/8
  1988 | D:2      | Found Yduse's Book Boutique.
  2298 | D:2      | Noticed Terence
  2343 | D:3      | Noticed Robin
  2657 | D:3      | Noticed a spectral ugly thing
  2690 | D:3      | Killed Robin
  2722 | D:3      | Reached XP level 4. HP: 18/33 MP: 0/10
  2872 | D:3      | Found a transporter.
  2979 | D:3      | Found a transporter.
  3608 | D:3      | Noticed a phantom
  3637 | D:3      | Killed a phantom
  3638 | D:3      | Reached XP level 5. HP: 8/38 MP: 0/11
  3639 | D:3      | Killed from afar by an orc wizard

Illustrated notes

Levels and vault maps discovered:
D:1:      psy_arrival_fountain, layout_basic,
          shapermc_ecumenical_altar_mp_highgroup, serial_shops, shop_fountains
D:2:      layout_basic, serial_shops, shop, nicolae_shop_stone, hex_medium,
          kennysheep_generic_room_6, uniq_terence
D:3:      gammafunk_steamed_eel, layout_rooms, elyvilon_altar_1,
          regret_index_temple_of_mockery, serial_park_tiny_pond,
          minmay_misc_feat_cross, minmay_statues_item, uniq_robin

Skill      XL: |  1  2  3  4 |
---------------+-------------+-----
Conjurations   | 1 2 |  2.3
Dodging        | 2 |  2.9
Stealth        | 2 3 |  3.0
Spellcasting   | 2 |  2.7
Fire Magic     | 3 |  3.5

Action                   |  1- 3 |  4- 6 || total
-------------------------+-------+-------++-------
Melee: Unarmed           |     5 |       ||     5
       Short sword       |    15 |    27 ||    42
       Punch             |       |     1 ||     1
 Cast: Foxfire           |    56 |    30 ||    86
       Scorch            |    12 |    15 ||    27
  Use: Potion            |     2 |       ||     2
       Scroll            |       |     1 ||     1
Armor: Robe              |     8 |       ||     8
       Animal skin       |       |    12 ||    12
Dodge: Dodged            |    27 |    26 ||    53
